 Dungeon Crawl Stone Soup version 0.24.0-29-g8ce449bc06 (webtiles) character file.

Game seed: 3273658875006456369, levelgen mode: deterministic

32128 Delamore the Severer (level 13, -9/119 HPs)
             Began as a Hill Orc Fighter on Nov 14, 2019.
             Was the Champion of Qazlal.
             Mangled by a 12-headed hydra (12 damage)
             ... on level 3 of the Lair of Beasts.
             The game lasted 00:31:41 (13761 turns).

Delamore the Severer (Hill Orc Fighter)            Turns: 13761, Time: 00:31:41

Health: -9/119     AC: 24    Str: 26    XL:     13   Next: 62%
Magic:  9/13       EV: 10    Int:  6    God:    Qazlal [******]
Gold:   890        SH: 12    Dex: 19    Spells: 12/12 levels left

rFire    + + .     SeeInvis .   R - +4 battleaxe (elec)
rCold    . . .     Gourm    .   (shield currently unavailable)
rNeg     . . .     Faith    .   O - +1 scale mail of the Fiddle {rElec rF++ Regen+ Str+2}
rPois    .         Spirit   .   n - +2 hat
rElec    +         Reflect  .   J - +1 cloak
rCorr    .         Harm     .   U - +2 pair of gloves of Greater Demons {rElec MR+ Stlth+}
MR       ++...                  x - +2 pair of boots
Stlth    +.........             Y - amulet "Nohoriv" {rElec Regen+ Int-2 Dex+2 Stlth+}
HPRegen  1.09/turn              E - +2 ring of dexterity
MPRegen  0.13/turn              p - +5 ring of dexterity

@: protected from physical damage, repel missiles
A: large bone plates 1, magic resistance 1
a: Upheaval, Elemental Force, Disaster Area, Renounce Religion


You were on level 3 of the Lair of Beasts.
You worshipped Qazlal.
Qazlal was exalted by your worship.
You were hungry.

You visited 4 branches of the dungeon, and saw 16 of its levels.
You also visited: Ossuary.

You collected 1241 gold pieces.
You spent 351 gold pieces at shops.

Inventory:

Hand Weapons
 R - a +4 battleaxe of electrocution (weapon)
 X - the +11 war axe of Domination {holy, rC- MP+9 Dex+4}
   (You found it on level 1 of the Lair of Beasts)

   It has been blessed by the Shining One to cause great damage to the undead
   and demons.
   It affects your dexterity (+4).
   It makes you vulnerable to cold.
   It affects your magic capacity (+9).
Missiles
 I - a throwing net (quivered)
Armour
 n - a +2 hat (worn)
 w - a scarf of spirit shield
 x - a +2 pair of boots (worn)
 J - a +1 cloak (worn)
 O - the +1 scale mail of the Fiddle (worn) {rElec rF++ Regen+ Str+2}
   (You found it on level 7 of the Dungeon)

   It affects your strength (+2).
   It greatly protects you from fire.
   It insulates you from electricity.
   It increases your rate of regeneration.
 U - the +2 pair of gloves of Greater Demons (worn) {rElec MR+ Stlth+}
   (You acquired it on level 2 of the Lair of Beasts)

   It insulates you from electricity.
   It affects your resistance to hostile enchantments.
   It makes you more stealthy.
Jewellery
 g - an uncursed ring of ice {unknown}
 p - a +5 ring of dexterity (right hand)
 E - a +2 ring of dexterity (left hand)
 Q - a +4 amulet of reflection
 Y - the amulet "Nohoriv" (around neck) {rElec Regen+ Int-2 Dex+2 Stlth+}
   (You found it on level 2 of the Lair of Beasts)

   [amulet of regeneration]

   It affects your intelligence (-2).
   It affects your dexterity (+2).
   It insulates you from electricity.
   It increases your rate of regeneration.
   It makes you more stealthy.
Wands
 h - a wand of acid (9)
 y - a wand of digging (4)
 A - a wand of enslavement (9)
 L - a wand of random effects (6)
 P - a wand of paralysis (16)
Scrolls
 b - a scroll of magic mapping
 k - 2 scrolls of blinking
 r - 4 scrolls of enchant armour
 s - a scroll of enchant weapon
 C - 7 scrolls of teleportation
 D - 4 scrolls of remove curse
 F - a scroll of random uselessness {unknown}
 S - a scroll of brand weapon {unknown}
Potions
 a - a potion of flight {unknown}
 c - a potion of cancellation {unknown}
 d - 3 potions of might
 i - 4 potions of curing
 o - 2 potions of brilliance {unknown}
 t - 2 potions of mutation
 u - 2 potions of haste {unknown}
 z - 2 potions of berserk rage
 B - 2 potions of agility {unknown}
 H - a potion of heal wounds {unknown}
 T - 2 potions of ambrosia {unknown}
 W - a potion of resistance {unknown}
Miscellaneous
 V - a sack of spiders
Comestibles
 f - 24 rations


   Skills:
 + Level 12.7 Fighting
 - Level 20.7 Axes
 + Level 11.7 Armour
   Level 3.2 Shields


You had 12 spell levels left.
You didn't know any spells.
Your spell library contained the following spells:

 Spells                   Type           Power        Failure   Level  Hunger
 Leda's Liquefaction      Hex/Erth       #.........   100%        4    #####..
 Bolt of Magma            Conj/Fire/Erth #.........   100%        5    ######.
 Iron Shot                Conj/Erth      #.........   100%        6    #######
 Statue Form              Tmut/Erth      #........    100%        6    #######
 Shatter                  Erth           #.........   100%        9    #######


Dungeon Overview and Level Annotations

Branches:
Dungeon (10/15)            Temple (1/1) D:4            Lair (3/6) D:9
  Swamp (0/4) Lair:2        Snake (0/4) Lair:2          Orc (2/2) D:9
    Elf (0/3) Orc:2       Ossuary (visited)

Altars:
Ashenzari
Cheibriados
Gozag
Kikubaaqudgha
Makhleb
Nemelex Xobeh
Qazlal
Ru
Uskayaw
Vehumet
Wu Jian
Xom
Yredelemnul
Zin
Beogh

Shops:
D:9 *   Orc:1 [   Orc:2 *=*%

Annotations:
D:10 Maurice


Innate Abilities, Weirdness & Mutations

You are partially covered in large bone plates. (SH +4)
You are resistant to hostile enchantments. (MR+)


Message History

The 12-headed hydra bites you.
* * * LOW HITPOINT WARNING * * *
The 12-headed hydra bites you!
* * * LOW HITPOINT WARNING * * *
The 12-headed hydra bites you!
* * * LOW HITPOINT WARNING * * *
Unknown command.
Okay, then.
Okay, then.
As you read the scroll of fear, it crumbles to dust.
You assume a fearsome visage.
The 12-headed hydra resists with almost no effort.
You feel yourself speed up.
The 12-headed hydra bites you but does no damage. x3
You block the 12-headed hydra's attack. x3
The 12-headed hydra bites you but does no damage.
You block the 12-headed hydra's attack. The 12-headed hydra closely misses you.
The 12-headed hydra bites you but does no damage.
The 12-headed hydra barely misses you. The 12-headed hydra bites you!
You die...

.##....#......#.#..............P#
.##...........###................
.................................
....#............................
###..............................
####.............................
.##...............○..............
###.......#....##.°..............
# #........#####@☼<..............
# #.......### #D##...............
#P........###. ###.............
##..PP..#..#.. #..............
#.#PPP....#?. #..............
######...##.# ##.............
#.#.##. #..............
#####...## ##...........#..
#......#.####...............


You could see a 12-headed hydra.

Vanquished Creatures
  3 hydras
  3 two-headed ogres
  Sonja (Lair:1)
  7 orc knights
  3 oklob plants (Lair:2)
  5 spiny frogs
  A torpor snail (Lair:2)
  A gargoyle (D:9)
  A kobold demonologist (D:9)
  4 komodo dragons
  2 trolls
  A merfolk (D:10)
  15 blink frogs
  6 hippogriffs
  2 dream sheep (Lair:2)
  A polar bear (Lair:3)
  2 bog bodies (Lair:2)
  Sigmund (D:5)
  A wyvern (D:9)
  3 wraiths
  A shadow (D:9)
  6 yaks (D:10)
  A hungry ghost (D:7)
  A basilisk (Lair:1)
  A steam dragon (D:9)
  Menkaure (D:6)
  4 nagas (Lair:2)
  7 wargs
  Duvessa (D:5)
  2 water moccasins
  4 porcupines
  39 orc warriors
  An ice beast (D:8)
  A phantom (D:9)
  5 sky beasts
  9 ogres
  3 centaurs
  13 wolves
  7 crocodiles
  10 bullfrogs
  2 big kobolds
  Dowan (D:5)
  4 scorpions
  3 wights (Ossuary)
  2 howler monkeys
  5 electric eels (D:9)
  9 crimson imps
  A jelly (D:6)
  A quasit (D:8)
  2 gnoll shamans
  6 hounds
  A bullfrog zombie (D:5)
  9 orc priests
  12 orc wizards
  2 centaur skeletons
  5 iguanas
  10 worker ants
  A killer bee zombie (D:9)
  A mummy (D:4)
  A worker ant zombie (D:6)
  12 gnolls
  6 adders
  A shadow imp (D:5)
  3 oozes
  An adder zombie (Ossuary)
  2 dart slugs (D:1)
  8 leopard geckos
  102 orcs
  A ball python (D:2)
  14 bats
  11 giant cockroaches
  13 goblins
  4 hobgoblins
  3 jackals (D:7)
  8 quokkas
  2 ball python skeletons (Ossuary)
  3 frilled lizards
  A goblin zombie (D:4)
  A hobgoblin skeleton (Ossuary)
  A hobgoblin zombie (D:4)
  20 kobolds
  A kobold zombie (Ossuary)
  An orc skeleton (Ossuary)
  2 orc zombies (Ossuary)
  2 quokka skeletons
  A quokka zombie (D:8)
  9 rats
  3 plants
494 creatures vanquished.

Vanquished Creatures (others)
  An adder (D:8)
  A quokka skeleton (D:8)
  A plant (Lair:2)
3 creatures vanquished.

Grand Total: 497 creatures vanquished

Notes
Turn   | Place    | Note
-------+----------+-------------------------------------------
     0 | D:1      | Delamore the Hill Orc Fighter began the quest for the Orb.
     0 | D:1      | Reached XP level 1. HP: 19/19 MP: 1/1
    28 | D:1      | Reached skill level 3 in Axes
    63 | D:1      | Reached XP level 2. HP: 26/26 MP: 2/2
   107 | D:1      | Reached skill level 4 in Axes
   258 | D:1      | Reached XP level 3. HP: 31/31 MP: 3/3
   357 | D:1      | You fall into a shaft and drop 1 floor!
   359 | D:2      | Reached skill level 5 in Axes
   403 | D:2      | Reached XP level 4. HP: 36/39 MP: 4/4
   935 | D:2      | Reached skill level 6 in Axes
  1676 | D:3      | Reached XP level 5. HP: 45/45 MP: 5/5
  1754 | D:3      | Reached skill level 7 in Axes
  2143 | D:3      | Reached skill level 8 in Axes
  2155 | D:3      | Reached XP level 6. HP: 51/51 MP: 6/6
  2589 | D:4      | Reached skill level 9 in Axes
  2657 | D:4      | Reached XP level 7. HP: 45/57 MP: 7/7
  2702 | D:4      | Found a sand-covered staircase.
  2712 | Ossuary  | Entered an ossuary
  2786 | Ossuary  | Reached skill level 10 in Axes
  2978 | Ossuary  | Noticed a wraith
  2978 | Ossuary  | Noticed a flying skull
  3012 | Ossuary  | Noticed a flying skull
  3064 | Ossuary  | Noticed a flying skull
  3065 | Ossuary  | Noticed a flying skull
  3074 | Ossuary  | Noticed a wraith
  3085 | Ossuary  | Killed a wraith
  3085 | Ossuary  | Reached skill level 11 in Axes
  3242 | Ossuary  | Noticed a wraith
  3255 | Ossuary  | Killed a wraith
  3255 | Ossuary  | Reached XP level 8. HP: 46/64 MP: 5/8
  3321 | D:4      | Found a snail-covered altar of Cheibriados.
  3385 | D:4      | Found a sacrificial altar of Ru.
  3449 | D:4      | Found an ornate altar of the Wu Jian Council.
  3449 | D:4      | Found a sparkling altar of Nemelex Xobeh.
  3450 | D:4      | Found a shimmering altar of Xom.
  3450 | D:4      | Found an ancient bone altar of Kikubaaqudgha.
  3451 | D:4      | Found a hide-covered altar of Uskayaw.
  3462 | D:4      | Found a staircase to the Ecumenical Temple.
  3484 | Temple   | Entered the Ecumenical Temple
  3505 | Temple   | Became a worshipper of Qazlal Stormbringer
  3675 | D:4      | Reached skill level 12 in Axes
  3783 | D:5      | Entered Level 5 of the Dungeon
  3893 | D:5      | Noticed Sigmund
  3912 | D:5      | Killed Sigmund
  3912 | D:5      | Reached skill level 13 in Axes
  3991 | D:5      | Noticed Duvessa
  3991 | D:5      | Noticed Dowan
  4003 | D:5      | Killed Duvessa
  4013 | D:5      | Killed Dowan
  4127 | D:5      | Reached * piety under Qazlal
  4127 | D:5      | Reached skill level 14 in Axes
  4127 | D:5      | Reached XP level 9. HP: 55/70 MP: 5/9
  4718 | D:6      | Reached skill level 15 in Axes
  4931 | D:6      | Noticed Menkaure
  4942 | D:6      | Killed Menkaure
  5388 | D:6      | Reached skill level 16 in Axes
  5508 | D:7      | Reached ** piety under Qazlal
  5756 | D:7      | Found an opulent altar of Gozag.
  5833 | D:7      | Got a transparent scale mail
  5844 | D:7      | Identified the +1 scale mail of the Fiddle {rElec rF++
                  | Regen+ Str+2} (You found it on level 7 of the Dungeon)
  5989 | D:8      | Reached XP level 10. HP: 71/77 MP: 8/10
  6004 | D:8      | Found a shattered altar of Ashenzari.
  6033 | D:8      | Found a radiant altar of Vehumet.
  6050 | D:8      | Reached skill level 17 in Axes
  6219 | D:8      | Reached *** piety under Qazlal
  6435 | D:8      | You fall into a shaft and drop 2 floors!
  6435 | D:10     | Entered Level 10 of the Dungeon
  6598 | D:10     | Reached skill level 18 in Axes
  6958 | D:10     | Noticed Maurice
  7184 | D:9      | Reached skill level 19 in Axes
  7208 | D:9      | Noticed a two-headed ogre
  7218 | D:9      | Killed a two-headed ogre
  7218 | D:9      | Reached XP level 11. HP: 63/82 MP: 7/11
  7497 | D:9      | Reached **** piety under Qazlal
  7564 | D:9      | Reached skill level 20 in Axes
  7585 | D:9      | Noticed a seven-headed hydra
  7710 | D:9      | Found a staircase to the Lair.
  7919 | D:9      | Found a staircase to the Orcish Mines.
  7956 | Orc:1    | Entered Level 1 of the Orcish Mines
  8155 | Orc:1    | Found Huyll's Armour Emporium.
  8160 | Orc:1    | Noticed a two-headed ogre
  8166 | Orc:1    | Killed a two-headed ogre
  8487 | Orc:2    | Entered Level 2 of the Orcish Mines
  8487 | Orc:2    | Noticed an orc knight
  8511 | Orc:1    | Killed an orc knight
  8620 | Orc:2    | Noticed an orc knight
  8622 | Orc:2    | Noticed an orc knight
  8628 | Orc:2    | Noticed an orc knight
  8636 | Orc:1    | Reached skill level 5 in Fighting
  8658 | Orc:2    | Noticed an orc knight
  8665 | Orc:2    | Reached ***** piety under Qazlal
  8680 | Orc:2    | Killed an orc knight
  8680 | Orc:2    | Reached skill level 5 in Armour
  8710 | Orc:2    | Noticed an orc knight
  8730 | Orc:2    | Killed an orc knight
  8816 | Orc:1    | Killed an orc knight
  8816 | Orc:1    | Reached XP level 12. HP: 22/97 MP: 1/12
  8979 | Orc:2    | Noticed a two-headed ogre
  9055 | Orc:1    | Killed a two-headed ogre
  9458 | Orc:2    | Found a burning altar of Makhleb.
  9475 | Orc:2    | Found a staircase to the Elven Halls.
  9484 | Orc:2    | Found Delolul's General Store.
  9484 | Orc:2    | Found Uruen's Jewellery Shop.
  9526 | Orc:2    | Found a roughly hewn altar of Beogh.
  9535 | Orc:2    | Found Wyseops's Food Shop.
  9535 | Orc:2    | Found Irypn's General Store.
 10048 | Orc:2    | Bought a +4 amulet of reflection for 351 gold pieces
 10165 | D:9      | Killed a 13-headed hydra
 10392 | D:9      | Found Poneg's General Store.
 10492 | D:9      | Got a smelly leather armour
 10503 | D:9      | Identified the cursed +1 leather armour of Ipusch {rF++ rC-
                  | Int+4 SInv} (You found it on level 9 of the Dungeon)
 10685 | Lair:1   | Entered Level 1 of the Lair of Beasts
 10710 | Lair:1   | Reached skill level 10 in Fighting
 10745 | Lair:1   | Noticed Sonja
 10856 | Lair:1   | Killed Sonja
 10860 | Lair:1   | Noticed an eight-headed hydra
 11012 | D:9      | Gained mutation: You are partially covered in large bone
                  | plates. (SH +4) [potion of mutation]
 11012 | D:9      | Gained mutation: You are resistant to hostile enchantments.
                  | (MR+) [potion of mutation]
 11014 | D:9      | HP: 7/160 [ten-headed hydra (8)]
 11014 | D:9      | HP: 3/160 [ten-headed hydra (4)]
 11015 | D:9      | Killed an 11-headed hydra
 11231 | Lair:1   | Reached XP level 13. HP: 113/115 MP: 13/13
 11363 | Lair:1   | Reached skill level 10 in Armour
 11395 | Lair:1   | Got a twisted war axe
 11438 | Lair:1   | Identified the +11 war axe of Domination {holy, rC- MP+9
                  | Dex+4} (You found it on level 1 of the Lair of Beasts)
 11535 | Lair:1   | Got a fine leather armour
 11546 | Lair:1   | Identified the +1 leather armour of the Aged Eyes {Int+2}
                  | (You found it on level 1 of the Lair of Beasts)
 11907 | Lair:1   | Reached ****** piety under Qazlal
 12072 | Lair:2   | Found a staircase to the Swamp.
 12391 | Lair:2   | Got a heavily runed golden amulet
 12399 | Lair:2   | Identified the amulet "Nohoriv" {rElec Regen+ Int-2 Dex+2
                  | Stlth+} (You found it on level 2 of the Lair of Beasts)
 12400 | Lair:2   | Identified a scroll of acquirement
 12402 | Lair:2   | Got a pair of shimmering gloves
 12413 | Lair:2   | Identified the +2 pair of gloves of Greater Demons {rElec
                  | MR+ Stlth+} (You acquired it on level 2 of the Lair of
                  | Beasts)
 12505 | Lair:2   | Found a staircase to the Snake Pit.
 12837 | Lair:3   | Found a runed translucent door.
 13760 | Lair:3   | HP: 1/119 [12-headed hydra (12)]
 13761 | Lair:3   | Mangled by a 12-headed hydra

Levels and vault maps discovered:
D:1:      kilobyte_arrival_exit_the_forest, layout_loops_ring
D:2:      layout_basic, minmay_misc_feat_diagonals, feat_on_display
D:3:      layout_basic
D:4:      layout_rooms, nicolae_ru_path_of_blood, grunt_temple_overflow_open,
          temple_pool_b, nicolae_ossuary_entry_giza
D:5:      layout_loops_ring, nicolae_overflow_hidden_temple, first_ration,
          uniq_sigmund, uniq_duvessa
D:6:      layout_loops_ring, uniq_menkaure
D:7:      layout_basic, nicolae_gozag_cash_rules_everything_around_me
D:8:      layout_rooms, evilmike_ruin_ashenzari, fiery_altar_vehumet
D:9:      minmay_bloctagon_deflated, layout_stronghold, erik_lair_island,
          orc_0_dummy, serial_shops, nicolae_shop_waterfront
D:10:     layout_stronghold, serial_shops, nicolae_shop_statue_plus,
          hangedman_fish_farm, minmay_misc_feat_plants, uniq_maurice
Temple:   jpeg_temple_clearing
Lair:1:   layout_gridlike, uniq_sonja
Lair:2:   layout_misc_corridors, skrybe_swamp_entry_bodies,
          minmay_snake_entry_guardpost_small, minmay_lair_oklob_chamber
Lair:3:   layout_cave_shapes, pf_torpor_hydra
Orc:1:    layout_diamond_mine, serial_shops, nicolae_shop_trees, minmay_orc_keep
Orc:2:    st_orc_town, layout_caves, basic_altar, lightli_orcish_oven

Skill      XL: |  1  2  3  4  5  6  7  8  9 10 11 12 13 |
---------------+----------------------------------------+-----
Axes           | 3 4 5 6 8 9 11 14 16 19 20 | 20.7
Fighting       | 6 10 12 | 12.7
Armour         | 6 9 11 | 11.7
Shields        | |  3.2

Action                   |  1- 3 |  4- 6 |  7- 9 | 10-12 | 13-15 || total
-------------------------+-------+-------+-------+-------+-------++-------
Melee: War axe           |    77 |   159 |       |   245 |       ||   481
       Hand axe          |       |    42 |   400 |   343 |       ||   785
       Battleaxe         |       |       |       |    71 |   131 ||   202
Throw: Javelin           |       |       |     1 |     7 |       ||     8
Invok: Elemental Force   |       |       |       |     1 |       ||     1
       Upheaval          |       |       |       |       |     1 ||     1
Evoke: Wand              |       |       |       |    11 |       ||    11
  Use: Scroll            |       |     8 |     2 |     5 |     3 ||    18
       Potion            |       |       |       |     4 |       ||     4
  Eat: Chunk             |       |     6 |    16 |    12 |     4 ||    38
       Ration            |       |       |     1 |       |       ||     1
Armor: Scale mail        |    36 |    99 |    33 |   183 |    77 ||   428
       Ring mail         |       |       |    40 |       |       ||    40
Dodge: Dodged            |    25 |    64 |    58 |   116 |    57 ||   320
       Deflected         |       |       |       |     6 |     2 ||     8
Block: Shield            |    35 |    88 |   120 |   382 |       ||   625
       Other             |       |       |       |    62 |   110 ||   172
       Reflection        |       |       |       |     3 |       ||     3
